 Dungeon Crawl Stone Soup version 0.26.0-9-gab577f9fc5 (webtiles) character file.

Game seed: 14668951828071800717

119 EnegeticOcto the Sneak (level 4, 0/42 HPs)
             Began as a Deep Dwarf Delver on Jan 13, 2021.
             Killed by divine providence
             ... invoked by an orc priest
              (11 damage)
             ... on level 6 of the Dungeon.
             The game lasted 00:00:43 (74 turns).

EnegeticOcto the Sneak (Deep Dwarf Delver)            Turns: 74, Time: 00:00:44

Health: 0/42       AC:  3    Str: 17    XL:     4   Next: 73%
Magic:  0/0        EV: 13    Int: 10    God:
Gold:   0          SH:  0    Dex: 14    Spells: 3/3 levels left

rFire    . . .     SeeInvis .   a - +0 hand axe
rCold    . . .     Faith    .   (no shield)
rNeg     . . .     Spirit   .   b - +0 leather armour
rPois    .         Reflect  .   (no helmet)
rElec    .         Harm     .   (no cloak)
rCorr    .         Rampage  .   (no gloves)
Will     .....                  (no boots)
Stlth    +++.......             (no amulet)
HPRegen  0.00/turn              (no ring)
MPRegen  0.07/turn              (no ring)

@: lethally poisoned (0 -> 0), non-regenerating
A: damage resistance, heal wounds, sense surroundings 1, no regeneration
a: Heal Wounds


You were on level 6 of the Dungeon.
You visited 1 branch of the dungeon, and saw 2 of its levels.

Inventory:

Hand Weapons
 a - a +0 hand axe (weapon)
Armour
 b - a +0 leather armour (worn)
Wands
 g - a wand of digging (3) {@v3}
Scrolls
 c - a scroll of fog {!r}
 d - a scroll of magic mapping {@r5 !r}
 e - a scroll of fear {!r}
Potions
 f - a potion of haste {@q4 !q}


   Skills:
 - Level 3.2 Fighting
 + Level 4.1 Axes
 - Level 3.0 Dodging
 - Level 6.5 Stealth


You had 3 spell levels left.
You didn't know any spells.
Your spell library was empty.

Dungeon Overview and Level Annotations

Branches:
Dungeon (6/15)
 Temple: D:4-7

Altars:


Innate Abilities, Weirdness & Mutations

You are resistant to damage.
You can heal yourself by infusing magical energy.
You passively map a small area around you.
You do not regenerate.


Message History

The leopard gecko closely misses you. The worker ant bites you.
The leopard gecko barely misses you.
You feel much better.
The worker ant bites you but does no damage.
The leopard gecko bites you. The worker ant bites you.
You hit the worker ant.
You kill the worker ant!
You miss the leopard gecko. The leopard gecko bites you.
The leopard gecko bites you but does no damage.
The centaur unwields a +0 shortbow.
The centaur hits you.
Your Axes skill increases to level 4!
You hit the centaur.
The centaur is lightly wounded.
You barely miss the leopard gecko. The centaur hits you.
The leopard gecko bites you.
The orc priest invokes the aid of Beogh against you.
Beogh smites you!
* * * LOW HITPOINT WARNING * * *
The centaur hits you. The leopard gecko barely misses you.
The centaur closely misses you.
You feel much better. The leopard gecko bites you.
The centaur closely misses you.
The leopard gecko bites you but does no damage.
The centaur completely misses you.
You hit the centaur but do no damage.
The centaur is lightly wounded.
You closely miss the leopard gecko. The centaur barely misses you.
The leopard gecko bites you. The centaur hits you. The leopard gecko bites you.
You hit the centaur.
The centaur is lightly wounded.
You barely miss the leopard gecko. The centaur barely misses you.
The leopard gecko bites you. The centaur hits you. The leopard gecko bites you.
The centaur misses you.
You hit the centaur but do no damage. You hit the leopard gecko.
The centaur misses you. The leopard gecko barely misses you.
The centaur hits you but does no damage.
The leopard gecko misses you.
You closely miss the leopard gecko.
The leopard gecko is severely wounded.
You hit the centaur. The centaur misses you.
The leopard gecko closely misses you.
The orc priest looks satisfied for a moment.
The centaur misses you. The leopard gecko bites you.
You barely miss the leopard gecko.
The leopard gecko is severely wounded.
You barely miss the centaur. The centaur barely misses you.
The centaur misses you. The leopard gecko bites you. The centaur hits you.
The leopard gecko barely misses you.
You completely miss the leopard gecko.
The leopard gecko is severely wounded.
You hit the centaur. The centaur hits you. The leopard gecko bites you.
The centaur hits you! The leopard gecko misses you.
Your magical essence is drained by the effort!
You feel much better. The centaur hits you. The centaur barely misses you.
The leopard gecko misses you. The centaur barely misses you.
The leopard gecko closely misses you.
You barely miss the leopard gecko.
The leopard gecko is severely wounded.
You hit the centaur. The centaur hits you.
The leopard gecko bites you but does no damage.
The centaur hits you. The leopard gecko misses you.
You hit the leopard gecko but do no damage.
The leopard gecko is severely wounded.
You hit the centaur but do no damage.
You feel yourself speed up. The centaur hits you. The centaur misses you.
The leopard gecko closely misses you. The leopard gecko misses you.
The centaur misses you.
You closely miss the leopard gecko.
The leopard gecko is severely wounded.
You barely miss the centaur. The centaur hits you.
The leopard gecko bites you but does no damage.
You miss the leopard gecko.
The leopard gecko is severely wounded.
You hit the centaur. The centaur closely misses you.
The leopard gecko hisses menacingly.
The leopard gecko bites you.
The orc priest begins to cast a cantrip, but forgets the words!
The centaur hits you!
You closely miss the leopard gecko.
The leopard gecko is severely wounded.
You hit the centaur. The centaur barely misses you.
The leopard gecko bites you.
The orc priest casts a cantrip, but nothing happens.
The centaur hits you.
You hit the leopard gecko.
You kill the leopard gecko!
You hit the centaur. The centaur barely misses you.
You hit the orc priest.
The orc priest is moderately wounded.
You completely miss the centaur. The centaur closely misses you.
The orc priest hits you with a +0 club. The centaur hits you.
* * * LOW HITPOINT WARNING * * *
You hit the orc priest.
The orc priest is moderately wounded.
You hit the centaur. The centaur hits you.
* * * LOW HITPOINT WARNING * * *
The orc priest invokes the aid of Beogh against you.
Beogh smites you!
You die...

* ,, * .. , , , ,
.c... ., ,,
.^:..., ,.. *
###.... , ... * ,
, *#.#..$ ,.... *
, * ###(...,
,.....
##.....###......
*
#.......@oZ.....
###......#c......
,
#.......###.....(
, ,
##........#......
,
##..............
###.#.....###.# ,
####....# *# *
##### ** ,,,


You could see a centaur, an orc priest and a bullfrog skeleton.

Vanquished Creatures
  A bullfrog (D:6)
  An orc wizard (D:6)
  A worker ant (D:6)
  A leopard gecko (D:6)
  2 orcs (D:6)
6 creatures vanquished.

Notes
Turn   | Place    | Note
-------+----------+-------------------------------------------
     0 | D:5      | EnegeticOcto the Deep Dwarf Delver began the quest for the
                  | Orb.
     0 | D:5      | Reached XP level 1. HP: 20/20 MP: 1/1
    23 | D:6      | Noticed a bullfrog
    26 | D:6      | Killed a bullfrog
    27 | D:6      | Reached skill level 3 in Fighting
    27 | D:6      | Reached skill level 3 in Axes
    27 | D:6      | Reached skill level 3 in Dodging
    27 | D:6      | Reached XP level 2. HP: 21/28 MP: 2/2
    27 | D:6      | Reached XP level 3. HP: 25/34 MP: 3/3
    29 | D:6      | Noticed a centaur
    38 | D:6      | Your magical essence is drained by the effort!
    44 | D:6      | Your magical essence is drained by the effort!
    46 | D:6      | Reached XP level 4. HP: 25/42 MP: 2/2
    51 | D:6      | Your magical essence is drained by the effort!
    58 | D:6      | Reached skill level 4 in Axes
    66 | D:6      | Your magical essence is drained by the effort!
    74 | D:6      | Killed from afar by an orc priest

Illustrated notes

Levels and vault maps discovered:
D:5:      layout_basic, good_gods_mini_temple, serial_shops,
          nicolae_shop_behind_doors
D:6:      layout_cave_pools, nicolae_overflow_crystal_walls,
          minmay_temple_entry_fiery, serial_bayou_crossing

Skill      XL: |  1  2  3  4 |
---------------+-------------+-----
Fighting       | 3 |  3.2
Axes           | 3 4 |  4.1
Dodging        | 3 |  3.0
Stealth        | |  6.5

Action                   |  1- 3 |  4- 6 || total
-------------------------+-------+-------++-------
Melee: Hand axe          |    16 |    24 ||    40
 Abil: Heal Wounds       |     2 |     5 ||     7
  Use: Scroll            |     2 |       ||     2
 Stab: Sleeping          |     1 |       ||     1
Armor: Leather armour    |     4 |    10 ||    14
Dodge: Dodged            |    20 |    47 ||    67
